Marlies vs Barons

Created - Sunday, March 08, 2015 at 23:51

Goals
1 2 3 T
Marlies 0 1 0 1
Barons 0 1 1 2
Shots
1 2 3 T
Marlies 3 8 3 14
Barons 5 10 9 24

1st period

No Goal

Penalties :
Farm Player44 (TOR) for Holding (Minor) at 8:26

2nd period

1. Marlies , Matt Dumba 28 (Andrew Yogan) at 0:49
2. Barons , Reid Boucher 6 (Mike Rupp) at 18:55

Penalties :
Shawn Thornton (OKC) for Fighting (Major) at 0:45, Rich Clune (TOR) for Fighting (Major) at 0:45, Brandon Mashinter (OKC) for Fighting (Major) at 3:28, George Parros (TOR) for Fighting (Major) at 3:28, Shawn Thornton (OKC) for Fighting (Major) at 9:25, Harrison Ruopp (TOR) for Fighting (Major) at 9:25, Kris Newbury (OKC) for Holding (Minor) at 13:08

3rd period

3. Barons , Teemu Pulkkinen 25 (Brayden McNabb) at 0:34

Penalties :
Shawn Thornton (OKC) for Fighting (Major / Game Misconduct) at 10:10, Rich Clune (TOR) for Fighting (Major) at 10:10, Rich Clune (TOR) for instigated a fight (Minor) at 10:10, Rich Clune (TOR) for instigated a fight (10 Minutes Misconduct) at 10:10

Goalie Stats

Dustin Tokarski (TOR), 22 saves from 24 shots - (0.917), L, 25-13-9, 60:00 minutes
Ray Emery (OKC), 13 saves from 14 shots - (0.929), W, 55-6-10, 60:00 minutes

Players Stats for Marlies

Player Name              G  A  P  +/- PIM S  H  SB GA TA FO     MP     PP MP  PK MP  
------------------------------------------------------------------------------------
Andrew Yogan             0  1  1   1  0   0  1  0  0  0  6/17   19:12   1:13   0:00 
Austen Brassard          0  0  0   0  0   0  1  0  0  0  1/1     9:50   0:00   0:00 
Brendon Nash             0  0  0   0  0   0  0  0  2  2  0/0    12:42   0:00   0:00 
Colton Gillies           0  0  0  -1  0   0  0  0  1  1  2/3    22:42   0:46   1:35 
Drew Schiestel           0  0  0   0  0   0  1  0  1  1  0/0    13:05   0:00   0:00 
Farm Player24            0  0  0   1  0   0  0  0  0  0  0/1    19:08   0:50   0:00 
Farm Player29            0  0  0  -1  0   0  1  0  0  0  0/1    16:25   0:00   0:00 
Farm Player44            0  0  0   0  2   0  0  0  0  0  0/0     9:22   0:00   0:00 
George Parros            0  0  0   1  5   0  2  0  2  0  0/0    18:00   1:13   0:24 
Harrison Ruopp           0  0  0   0  5   0  0  0  1  0  0/0     7:49   0:00   0:00 
Jake Hansen              0  0  0  -1  0   0  3  1  5  1  0/1    18:47   0:23   0:00 
Jason Clark              0  0  0  -1  0   1  1  0  0  1  3/6    16:16   0:00   0:00 
Jonathon Blum            0  0  0  -2  0   1  0  1  0  1  0/0    21:59   0:52   1:35 
Matt Dumba               1  0  1   1  0   3  1  1  6  0  0/0    17:39   1:07   0:24 
Morgan Ellis             0  0  0   1  0   2  1  1  0  1  0/0    17:05   1:07   0:24 
Nicolas Deschamps        0  0  0  -1  0   0  2  1  1  1  6/14   19:23   0:46   0:24 
Rich Clune               0  0  0  -1  22  6  2  1  1  0  0/0    16:28   0:46   1:35 
Scott Harrington         0  0  0  -2  0   1  0  1  1  5  0/0    21:59   0:52   1:35 

Players Stats for Barons

Player Name              G  A  P  +/- PIM S  H  SB GA TA FO     MP     PP MP  PK MP  
------------------------------------------------------------------------------------
Andy Miele               0  0  0   1  0   1  1  0  1  2  7/16   21:09   1:07   0:56 
Brad Hunt                0  0  0   0  0   1  0  1  0  2  0/0    19:56   0:40   0:48 
Brad Winchester          0  0  0  -1  0   1  2  1  2  0  0/1    20:36   0:52   0:00 
Brandon Mashinter        0  0  0   1  5   1  1  0  0  0  4/6    16:50   0:00   0:29 
Brayden McNabb           0  1  1   0  0   4  2  1  2  3  0/0    25:17   1:19   1:11 
David Kolomatis          0  0  0   0  0   0  2  0  1  1  0/0    19:56   0:40   0:48 
Kris Newbury             0  0  0  -1  2   1  4  1  4  1  9/13   20:06   0:52   0:00 
Marc Cantin              0  0  0  -1  0   0  1  0  0  0  0/0     5:33   0:00   0:00 
Michael Chaput           0  0  0   0  0   0  1  0  0  0  0/0     1:32   0:00   0:00 
Mike Rupp                0  1  1   0  0   4  2  0  1  0  1/1    18:30   0:00   0:00 
Reid Boucher             1  0  1   1  0   1  1  1  2  2  0/1    17:17   0:00   0:00 
Ryan Parent              0  0  0   1  0   0  0  2  0  0  0/0    14:46   0:00   0:00 
Shawn Thornton           0  0  0   0  25  2  3  0  1  0  0/0    12:08   0:52   0:03 
Steve Bernier            0  0  0   1  0   3  4  2  4  2  2/2    22:53   1:07   0:34 
Taylor Fedun             0  0  0   1  0   1  0  2  0  0  0/0    19:44   1:19   1:11 
Teemu Pulkkinen          1  0  1   1  0   4  2  0  5  1  1/1    18:38   1:07   1:30 
Tommy Cross              0  0  0   1  0   0  0  1  0  0  0/0    14:46   0:00   0:00 
Tyler Graovac            0  0  0   0  0   0  0  0  0  0  2/3     8:17   0:00   0:29 

3 Stars

1 - Teemu Pulkkinen (OKC)
2 - Reid Boucher (OKC)
3 - Matt Dumba (TOR)

Power Play

Marlies - 0 on 1 Attempt(s) - 0.00%
Barons - 0 on 2 Attempt(s) - 0.00%

Penalty Kill

Marlies - 2 on 2 Attempt(s) - 100.00% - Score 0 goal in Penalty Kill
Barons - 1 on 1 Attempt(s) - 100.00% - Score 0 goal in Penalty Kill

Team Stat

Marlies - Hits : 16 - Faceoff Wins : 18 - Blocked Shots : 7 - Penalty Minutes : 34
Barons - Hits : 26 - Faceoff Wins : 26 - Blocked Shots : 12 - Penalty Minutes : 32

Official

Referees : Unknown
Linesman : Unknown

Game Notes

Michael Chaput is injured at 5:32 of 1st period (Concussion)
Rich Clune beats up Shawn Thornton at 0:45 of 2nd period
Brandon Mashinter and George Parros fight to a draw at 3:28 of 2nd period
Shawn Thornton and Harrison Ruopp fight to a draw at 9:25 of 2nd period
Shawn Thornton and Rich Clune fight to a draw at 10:10 of 3rd period
Shawn Thornton ejected from game at 10:10 of 3rd period

Finance

Level 1 -- Attendance: 1386 (69.30%) -- Ticket Income $55,440
Level 2 -- Attendance: 821 (82.10%) -- Ticket Income $16,420
Total Attendance: 2207 (73.57%)
Total Ticket Income: $71,860
Other Income: $35,211
Total Income: $107,071

Marlies

5 vs 5 Forward 
   Center                   Left Wing                Right Wing               Time % Phy DF OF 
 1 Nicolas Deschamps        Colton Gillies           Rich Clune               35     1   2  2  
 2 Andrew Yogan             Farm Player24            George Parros            30     1   2  2  
 3 Jason Clark              Farm Player29            Jake Hansen              22     1   2  2  
 4 Colton Gillies           Rich Clune               Austen Brassard          13     1   2  2  

5 vs 5 Defense 
   Defense                  Defense                                           Time % Phy DF OF 
 1 Jonathon Blum            Scott Harrington                                  35     1   2  2  
 2 Matt Dumba               Morgan Ellis                                      30     1   2  2  
 3 Drew Schiestel           Brendon Nash                                      22     1   2  2  
 4 Harrison Ruopp           Farm Player44                                     13     1   2  2  

PowerPlay Forward 
   Center                   Left Wing                Right Wing               Time % Phy DF OF 
 1 Nicolas Deschamps        Colton Gillies           Rich Clune               60     1   2  2  
 2 Andrew Yogan             Farm Player24            George Parros            40     1   2  2  

PowerPlay Defense
   Defense                  Defense                                           Time % Phy DF OF 
 1 Jonathon Blum            Scott Harrington                                  60     1   2  2  
 2 Matt Dumba               Morgan Ellis                                      40     1   2  2  

Penalty Kill 4 Players Forward 
   Center                   Wing                     Time % Phy DF OF 
 1 Colton Gillies           Rich Clune               60     1   2  2  
 2 George Parros            Nicolas Deschamps        40     1   2  2  

Penalty Kill 4 Players Defense
   Defense                  Defense                  Time % Phy DF OF 
 1 Jonathon Blum            Scott Harrington         60     1   2  2  
 2 Matt Dumba               Morgan Ellis             40     1   2  2  

Penalty Kill - 3 Players Forward 
   Forward                                           Time % Phy DF OF 
 1 Colton Gillies                                    60     1   2  2  
 2 Rich Clune                                        40     1   2  2  

Penalty Kill - 3 Players Defense
   Defense                  Defense                  Time % Phy DF OF 
 1 Jonathon Blum            Scott Harrington         60     1   2  2  
 2 Matt Dumba               Morgan Ellis             40     1   2  2  

4 vs 4 Forward 
   Center                   Wing                     Time % Phy DF OF 
 1 Colton Gillies           Rich Clune               60     1   2  2  
 2 George Parros            Nicolas Deschamps        40     1   2  2  

4 vs 4 Defense
   Defense                  Defense                  Time % Phy DF OF 
 1 Jonathon Blum            Scott Harrington         60     1   2  2  
 2 Matt Dumba               Morgan Ellis             40     1   2  2  

Last Minutes Offensive
   Center                   Left Wing                Right Wing               Defense                  Defense                  
   Nicolas Deschamps        Colton Gillies           Rich Clune               Jonathon Blum            Scott Harrington         

Last Minutes Defensive
   Center                   Left Wing                Right Wing               Defense                  Defense                  
   Nicolas Deschamps        Colton Gillies           Rich Clune               Jonathon Blum            Scott Harrington         

Goaltenders
Starting : Dustin Tokarski          
Backup : Tyler Beskorowany        

Extra Forwards
Normal : Jake Hansen, Austen Brassard, Jason Clark - PP : Jake Hansen, Austen Brassard - PK : Jason Clark
Extra Defensemen
Normal : Drew Schiestel, Brendon Nash, Harrison Ruopp - PP : Drew Schiestel - PK : Brendon Nash, Harrison Ruopp
Penalty Shots
Colton Gillies, Rich Clune, George Parros, Nicolas Deschamps, Jake Hansen

Barons

5 vs 5 Forward 
   Center                   Left Wing                Right Wing               Time % Phy DF OF 
 1 Andy Miele               Steve Bernier            Teemu Pulkkinen          35     1   2  2  
 2 Kris Newbury             Brad Winchester          Shawn Thornton           30     1   2  2  
 3 Michael Chaput           Mike Rupp                Reid Boucher             22     1   2  2  
 4 Tyler Graovac            Brandon Mashinter        Steve Bernier            13     1   2  2  

5 vs 5 Defense 
   Defense                  Defense                                           Time % Phy DF OF 
 1 Brayden McNabb           Taylor Fedun                                      35     1   2  2  
 2 Brad Hunt                David Kolomatis                                   30     1   2  2  
 3 Ryan Parent              Tommy Cross                                       22     1   2  2  
 4 Marc Cantin              Brayden McNabb                                    13     1   2  2  

PowerPlay Forward 
   Center                   Left Wing                Right Wing               Time % Phy DF OF 
 1 Andy Miele               Steve Bernier            Teemu Pulkkinen          60     1   2  2  
 2 Kris Newbury             Brad Winchester          Shawn Thornton           40     1   2  2  

PowerPlay Defense
   Defense                  Defense                                           Time % Phy DF OF 
 1 Brayden McNabb           Taylor Fedun                                      60     1   2  2  
 2 Brad Hunt                David Kolomatis                                   40     1   2  2  

Penalty Kill 4 Players Forward 
   Center                   Wing                     Time % Phy DF OF 
 1 Steve Bernier            Teemu Pulkkinen          60     1   2  2  
 2 Andy Miele               Brad Winchester          40     1   2  2  

Penalty Kill 4 Players Defense
   Defense                  Defense                  Time % Phy DF OF 
 1 Brayden McNabb           Taylor Fedun             60     1   2  2  
 2 Brad Hunt                David Kolomatis          40     1   2  2  

Penalty Kill - 3 Players Forward 
   Forward                                           Time % Phy DF OF 
 1 Steve Bernier                                     60     1   2  2  
 2 Teemu Pulkkinen                                   40     1   2  2  

Penalty Kill - 3 Players Defense
   Defense                  Defense                  Time % Phy DF OF 
 1 Brayden McNabb           Taylor Fedun             60     1   2  2  
 2 Brad Hunt                David Kolomatis          40     1   2  2  

4 vs 4 Forward 
   Center                   Wing                     Time % Phy DF OF 
 1 Steve Bernier            Teemu Pulkkinen          60     1   2  2  
 2 Andy Miele               Brad Winchester          40     1   2  2  

4 vs 4 Defense
   Defense                  Defense                  Time % Phy DF OF 
 1 Brayden McNabb           Taylor Fedun             60     1   2  2  
 2 Brad Hunt                David Kolomatis          40     1   2  2  

Last Minutes Offensive
   Center                   Left Wing                Right Wing               Defense                  Defense                  
   Andy Miele               Steve Bernier            Teemu Pulkkinen          Brayden McNabb           Taylor Fedun             

Last Minutes Defensive
   Center                   Left Wing                Right Wing               Defense                  Defense                  
   Andy Miele               Steve Bernier            Teemu Pulkkinen          Brayden McNabb           Taylor Fedun             

Goaltenders
Starting : Ray Emery                
Backup : Josh Robinson            

Extra Forwards
Normal : Mike Rupp, Brandon Mashinter, Michael Chaput - PP : Mike Rupp, Brandon Mashinter - PK : Michael Chaput
Extra Defensemen
Normal : Ryan Parent, Tommy Cross, Marc Cantin - PP : Ryan Parent - PK : Tommy Cross, Marc Cantin
Penalty Shots
Steve Bernier, Teemu Pulkkinen, Andy Miele, Brad Winchester, Shawn Thornton

% Time on Ice - Marlies

Lines # - Real PCT - Wanted PCT - Time Play
Normal Forward
1 - 32% - 35% - 18:10
2 - 31% - 30% - 17:16
3 - 25% - 22% - 13:52
4 - 12% - 13% - 6:44
Normal Defense
1 - 35% - 35% - 19:32
2 - 28% - 30% - 15:34
3 - 23% - 22% - 12:42
4 - 15% - 13% - 8:14
PP Forward
1 - 39% - 60% - 0:46
2 - 61% - 40% - 1:13
PP Defense
1 - 44% - 60% - 0:52
2 - 56% - 40% - 1:07
PK Forward
1 - 80% - 60% - 1:35
2 - 20% - 40% - 0:24
PK Defense
1 - 80% - 60% - 1:35
2 - 20% - 40% - 0:24
PK3 Forward
1 - 0% - 60%
2 - 0% - 40%
PK3 Defense
1 - 0% - 60%
2 - 0% - 40%
44 Forward
1 - 0% - 60%
2 - 0% - 40%
44 Defense
1 - 0% - 60%
2 - 0% - 40%
Last Minute Offensive  - 0:00
Last Minute Defensive  - 0:00
Total
Forward - 60:00
Defense - 60:00

% Time on Ice - Barons

Lines # - Real PCT - Wanted PCT - Time Play
Normal Forward
1 - 27% - 35% - 15:05
2 - 33% - 30% - 18:19
3 - 28% - 22% - 15:19
4 - 12% - 13% - 6:23
Normal Defense
1 - 30% - 35% - 16:33
2 - 34% - 30% - 18:28
3 - 26% - 22% - 14:32
4 - 10% - 13% - 5:33
PP Forward
1 - 56% - 60% - 1:07
2 - 44% - 40% - 0:52
PP Defense
1 - 66% - 60% - 1:19
2 - 34% - 40% - 0:40
PK Forward
1 - 100% - 60% - 1:59
2 - 0% - 40% - 0:00
PK Defense
1 - 60% - 60% - 1:11
2 - 40% - 40% - 0:48
PK3 Forward
1 - 0% - 60%
2 - 0% - 40%
PK3 Defense
1 - 0% - 60%
2 - 0% - 40%
44 Forward
1 - 0% - 60%
2 - 0% - 40%
44 Defense
1 - 0% - 60%
2 - 0% - 40%
Last Minute Offensive  - 0:00
Last Minute Defensive  - 0:56
Total
Forward - 60:00
Defense - 60:00

Play by Play

1st period


0:01 of 1st period - Andy Miele wins face-off versus Nicolas Deschamps in neutral zone.
0:06 of 1st period - Scott Harrington is hit by Teemu Pulkkinen and loses puck.
0:18 of 1st period - Wrist shot by Rich Clune.
0:18 of 1st period - Stopped by Ray Emery with a rebound.
0:24 of 1st period - Slapshot by Rich Clune.
0:24 of 1st period - Stopped by Ray Emery without a rebound.
0:25 of 1st period - Kris Newbury wins face-off versus Andrew Yogan in Barons zone.
0:34 of 1st period - Backhand shot by Brad Winchester.
0:34 of 1st period - Shot Blocked by Matt Dumba.
0:36 of 1st period - Wrist shot by Brad Winchester.
0:36 of 1st period - Shot Misses the Net.
0:38 of 1st period - Slapshot by Shawn Thornton.
0:38 of 1st period - Stopped by Dustin Tokarski with a rebound.
0:40 of 1st period - Slapshot by Brad Hunt.
0:40 of 1st period - Stopped by Dustin Tokarski with a rebound.
1:19 of 1st period - Drew Schiestel is hit by Reid Boucher and loses puck.
1:24 of 1st period - Slapshot by Reid Boucher.
1:24 of 1st period - Shot Misses the Net.
1:30 of 1st period - Reid Boucher is hit by Jake Hansen and loses puck.
2:15 of 1st period - Snap shot by Teemu Pulkkinen.
2:15 of 1st period - Stopped by Dustin Tokarski with a rebound.
4:04 of 1st period - Colton Gillies is hit by Michael Chaput and loses puck.
4:48 of 1st period - Slapshot by Matt Dumba.
4:48 of 1st period - Deflect By Jake Hansen.
4:48 of 1st period - Shot Blocked by Steve Bernier.
4:48 of 1st period - Puck is out of play.
4:49 of 1st period - Jason Clark wins face-off versus Kris Newbury in Barons zone.
4:52 of 1st period - Snap shot by Jake Hansen.
4:52 of 1st period - Shot Blocked by Brad Winchester.
5:07 of 1st period - Slapshot by Brayden McNabb.
5:07 of 1st period - Stopped by Dustin Tokarski with a rebound.
5:31 of 1st period - Michael Chaput is hit by George Parros.
5:32 of 1st period - Michael Chaput from Barons is injured at 5:32 of 1st period (Concussion).
5:33 of 1st period - Andy Miele wins face-off versus Nicolas Deschamps in Barons zone.
5:42 of 1st period - Slapshot by Brayden McNabb.
5:42 of 1st period - Deflect By Teemu Pulkkinen.
5:42 of 1st period - Shot Blocked by Jonathon Blum.
5:42 of 1st period - Puck is out of play.
5:43 of 1st period - Nicolas Deschamps wins face-off versus Andy Miele in Marlies zone.
5:43 of 1st period - Nicolas Deschamps is hit by Teemu Pulkkinen.
6:29 of 1st period - Colton Gillies is hit by Brayden McNabb and loses puck.
7:10 of 1st period - Snap shot by Matt Dumba.
7:10 of 1st period - Shot Blocked by Reid Boucher.
7:16 of 1st period - Matt Dumba is hit by David Kolomatis.
7:39 of 1st period - Jake Hansen is hit by Mike Rupp and loses puck.
8:15 of 1st period - Slapshot by Teemu Pulkkinen.
8:15 of 1st period - Stopped by Dustin Tokarski with a rebound.
8:17 of 1st period - Slapshot by Tommy Cross.
8:17 of 1st period - Deflect By Teemu Pulkkinen.
8:17 of 1st period - Shot Misses the Net.
8:17 of 1st period - Puck is out of play.
8:18 of 1st period - Kris Newbury wins face-off versus Andrew Yogan in Marlies zone.
8:26 of 1st period - Minor Penalty to Farm Player44 for Holding.
8:27 of 1st period - Andy Miele wins face-off versus Colton Gillies in Marlies zone.
8:35 of 1st period - Snap shot by Teemu Pulkkinen.
8:35 of 1st period - Shot Misses the Net.
8:37 of 1st period - Slapshot by Brayden McNabb.
8:37 of 1st period - Shot Misses the Net.
9:09 of 1st period - Rich Clune is hit by Kris Newbury and loses puck.
9:26 of 1st period - Brad Winchester is hit by Rich Clune and loses puck.
10:08 of 1st period - Slapshot by George Parros.
10:08 of 1st period - Shot Blocked by Taylor Fedun.
10:26 of 1st period - Penalty to Farm Player44 is over, Farm Player44 is back on ice.
11:13 of 1st period - Snap shot by Reid Boucher.
11:13 of 1st period - Shot Misses the Net.
11:27 of 1st period - Backhand shot by Brendon Nash.
11:27 of 1st period - Deflect By Jake Hansen.
11:27 of 1st period - Shot Misses the Net.
11:27 of 1st period - Puck is out of play.
11:28 of 1st period - Andrew Yogan wins face-off versus Tyler Graovac in Barons zone.
12:21 of 1st period - Jason Clark is hit by Shawn Thornton and loses puck.
13:07 of 1st period - Brayden McNabb is hit by Drew Schiestel and loses puck.
14:48 of 1st period - Ryan Parent is hit by Jason Clark and loses puck.
15:23 of 1st period - Off-side.
15:24 of 1st period - Nicolas Deschamps wins face-off versus Andy Miele in neutral zone.
15:31 of 1st period - Morgan Ellis is hit by Brayden McNabb and loses puck.
16:12 of 1st period - Andy Miele is hit by Matt Dumba and loses puck.
16:35 of 1st period - Colton Gillies is hit by Shawn Thornton and loses puck.
17:27 of 1st period - Slapshot by Scott Harrington.
17:27 of 1st period - Stopped by Ray Emery with a rebound.
17:29 of 1st period - Wrist shot by Jonathon Blum.
17:29 of 1st period - Shot Misses the Net.
18:03 of 1st period - Snap shot by Kris Newbury.
18:03 of 1st period - Shot Blocked by Rich Clune.
18:52 of 1st period - Jason Clark is hit by Brad Winchester and loses puck.
19:52 of 1st period - Harrison Ruopp is hit by Kris Newbury and loses puck.
Goals for this period are 0 for Marlies vs 0 for Barons.
Shots for this period are 3 for Marlies vs 5 for Barons.

2nd period


0:01 of 2nd period - Nicolas Deschamps wins face-off versus Andy Miele in neutral zone.
0:34 of 2nd period - Wrist shot by Teemu Pulkkinen.
0:34 of 2nd period - Shot Misses the Net.
0:45 of 2nd period - Rich Clune beats up Shawn Thornton.
0:45 of 2nd period - Penalty to Shawn Thornton for Fighting.
0:45 of 2nd period - Penalty to Rich Clune for Fighting.
0:46 of 2nd period - Andrew Yogan wins face-off versus Brad Winchester in neutral zone.
0:49 of 2nd period - Slapshot by Matt Dumba.
0:49 of 2nd period - Deflect By Brad Winchester.
0:49 of 2nd period - Goal by Matt Dumba - Marlies : 1 - Barons : 0.
0:50 of 2nd period - Andy Miele wins face-off versus Nicolas Deschamps in neutral zone.
1:25 of 2nd period - Slapshot by Steve Bernier.
1:25 of 2nd period - Stopped by Dustin Tokarski with a rebound.
2:23 of 2nd period - Snap shot by Matt Dumba.
2:23 of 2nd period - Shot Blocked by Steve Bernier.
2:33 of 2nd period - Snap shot by Brandon Mashinter.
2:33 of 2nd period - Stopped by Dustin Tokarski with a rebound.
2:39 of 2nd period - Matt Dumba is hit by Steve Bernier and loses puck.
2:46 of 2nd period - Drew Schiestel is hit by Steve Bernier and loses puck.
3:00 of 2nd period - Icing by David Kolomatis.
3:01 of 2nd period - Jason Clark wins face-off versus Brandon Mashinter in Barons zone.
3:28 of 2nd period - Brandon Mashinter and George Parros fight to a draw.
3:28 of 2nd period - Penalty to Brandon Mashinter for Fighting.
3:28 of 2nd period - Penalty to George Parros for Fighting.
3:29 of 2nd period - Kris Newbury wins face-off versus Andrew Yogan in Barons zone.
3:40 of 2nd period - Backhand shot by Morgan Ellis.
3:40 of 2nd period - Stopped by Ray Emery without a rebound.
3:41 of 2nd period - Kris Newbury wins face-off versus Andrew Yogan in Barons zone.
3:48 of 2nd period - Wrist shot by Steve Bernier.
3:48 of 2nd period - Deflect By Matt Dumba.
3:48 of 2nd period - Stopped by Dustin Tokarski without a rebound.
3:49 of 2nd period - Andrew Yogan wins face-off versus Kris Newbury in Marlies zone.
3:56 of 2nd period - Andrew Yogan is hit by Steve Bernier and loses puck.
4:11 of 2nd period - Backhand shot by Brayden McNabb.
4:11 of 2nd period - Stopped by Dustin Tokarski with a rebound.
4:13 of 2nd period - Snap shot by Brayden McNabb.
4:13 of 2nd period - Shot Blocked by Morgan Ellis.
4:44 of 2nd period - Andy Miele is hit by Morgan Ellis and loses puck.
5:28 of 2nd period - Jake Hansen is hit by David Kolomatis and loses puck.
6:01 of 2nd period - Drew Schiestel is hit by Mike Rupp and loses puck.
6:07 of 2nd period - Off-side.
6:08 of 2nd period - Andrew Yogan wins face-off versus Andy Miele in neutral zone.
6:22 of 2nd period - Icing by Brendon Nash.
6:23 of 2nd period - Andrew Yogan wins face-off versus Kris Newbury in Marlies zone.
6:28 of 2nd period - Wrist shot by Drew Schiestel.
6:28 of 2nd period - Shot Blocked by Kris Newbury.
6:30 of 2nd period - Wrist shot by Farm Player24.
6:30 of 2nd period - Shot Misses the Net.
6:44 of 2nd period - Wrist shot by Jason Clark.
6:44 of 2nd period - Stopped by Ray Emery without a rebound.
6:45 of 2nd period - Andy Miele wins face-off versus Jason Clark in Barons zone.
7:30 of 2nd period - Slapshot by Matt Dumba.
7:30 of 2nd period - Shot Blocked by Brad Hunt.
8:32 of 2nd period - Tyler Graovac is hit by Nicolas Deschamps and loses puck.
9:25 of 2nd period - Shawn Thornton and Harrison Ruopp fight to a draw.
9:25 of 2nd period - Penalty to Shawn Thornton for Fighting.
9:25 of 2nd period - Penalty to Harrison Ruopp for Fighting.
9:26 of 2nd period - Colton Gillies wins face-off versus Brandon Mashinter in neutral zone.
9:42 of 2nd period - Reid Boucher is hit by Rich Clune and loses puck.
10:03 of 2nd period - Brad Winchester is hit by Jake Hansen and loses puck.
10:25 of 2nd period - Morgan Ellis is hit by Steve Bernier and loses puck.
10:54 of 2nd period - Colton Gillies is hit by Andy Miele and loses puck.
12:13 of 2nd period - Brayden McNabb is hit by Andrew Yogan and loses puck.
12:56 of 2nd period - Snap shot by Rich Clune.
12:56 of 2nd period - Stopped by Ray Emery with a rebound.
13:08 of 2nd period - Minor Penalty to Kris Newbury for Holding.
13:09 of 2nd period - Steve Bernier wins face-off versus Andrew Yogan in Barons zone.
14:25 of 2nd period - Penalty to Shawn Thornton is over, Shawn Thornton is back on ice.
14:49 of 2nd period - Jonathon Blum is hit by Brandon Mashinter and loses puck.
14:54 of 2nd period - Slapshot by Brayden McNabb.
14:54 of 2nd period - Stopped by Dustin Tokarski with a rebound.
14:56 of 2nd period - Wrist shot by Taylor Fedun.
14:56 of 2nd period - Stopped by Dustin Tokarski without a rebound.
14:57 of 2nd period - Steve Bernier wins face-off versus Andrew Yogan in Marlies zone.
15:08 of 2nd period - Penalty to Kris Newbury is over, Kris Newbury is back on ice.
15:20 of 2nd period - Wrist shot by Mike Rupp.
15:20 of 2nd period - Stopped by Dustin Tokarski with a rebound.
15:45 of 2nd period - Icing by Reid Boucher.
15:46 of 2nd period - Jason Clark wins face-off versus Kris Newbury in Barons zone.
16:29 of 2nd period - Icing by Brandon Mashinter.
16:30 of 2nd period - Brandon Mashinter wins face-off versus Andrew Yogan in Barons zone.
16:53 of 2nd period - Matt Dumba is hit by Kris Newbury and loses puck.
17:40 of 2nd period - Slapshot by Rich Clune.
17:40 of 2nd period - Stopped by Ray Emery with a rebound.
17:44 of 2nd period - Snap shot by Rich Clune.
17:44 of 2nd period - Stopped by Ray Emery with a rebound.
17:46 of 2nd period - Slapshot by Harrison Ruopp.
17:46 of 2nd period - Deflect By Colton Gillies.
17:46 of 2nd period - Shot Misses the Net.
17:46 of 2nd period - Puck is out of play.
17:47 of 2nd period - Brandon Mashinter wins face-off versus Nicolas Deschamps in Barons zone.
18:06 of 2nd period - Snap shot by Mike Rupp.
18:06 of 2nd period - Stopped by Dustin Tokarski with a rebound.
18:08 of 2nd period - Slapshot by Brayden McNabb.
18:08 of 2nd period - Shot Misses the Net.
18:38 of 2nd period - Jason Clark is hit by Kris Newbury and loses puck.
18:53 of 2nd period - Snap shot by Reid Boucher.
18:53 of 2nd period - Shot Misses the Net.
18:55 of 2nd period - Wrist shot by Reid Boucher.
18:55 of 2nd period - Goal by Reid Boucher - Marlies : 1 - Barons : 1.
18:56 of 2nd period - Andrew Yogan wins face-off versus Andy Miele in neutral zone.
18:59 of 2nd period - Slapshot by Matt Dumba.
18:59 of 2nd period - Shot Misses the Net.
19:35 of 2nd period - Wrist shot by Colton Gillies.
19:35 of 2nd period - Shot Blocked by Ryan Parent.
19:37 of 2nd period - Slapshot by Matt Dumba.
19:37 of 2nd period - Stopped by Ray Emery with a rebound.
19:39 of 2nd period - Snap shot by Morgan Ellis.
19:39 of 2nd period - Stopped by Ray Emery without a rebound.
19:40 of 2nd period - Kris Newbury wins face-off versus Nicolas Deschamps in Barons zone.
19:55 of 2nd period - Slapshot by Brayden McNabb.
19:55 of 2nd period - Deflect By Colton Gillies.
19:55 of 2nd period - Stopped by Dustin Tokarski without a rebound.
19:56 of 2nd period - Kris Newbury wins face-off versus Jake Hansen in Marlies zone.
Goals for this period are 1 for Marlies vs 1 for Barons.
Shots for this period are 8 for Marlies vs 10 for Barons.

3rd period


0:01 of 3rd period - Nicolas Deschamps wins face-off versus Andy Miele in neutral zone.
0:32 of 3rd period - Wrist shot by Teemu Pulkkinen.
0:32 of 3rd period - Stopped by Dustin Tokarski with a rebound.
0:34 of 3rd period - Snap shot by Teemu Pulkkinen.
0:34 of 3rd period - Goal by Teemu Pulkkinen - Marlies : 1 - Barons : 2.
0:35 of 3rd period - Kris Newbury wins face-off versus Andrew Yogan in neutral zone.
0:42 of 3rd period - Snap shot by Shawn Thornton.
0:42 of 3rd period - Shot Misses the Net.
0:46 of 3rd period - Wrist shot by Kris Newbury.
0:46 of 3rd period - Shot Misses the Net.
1:02 of 3rd period - Snap shot by Shawn Thornton.
1:02 of 3rd period - Stopped by Dustin Tokarski without a rebound.
1:03 of 3rd period - Andy Miele wins face-off versus Nicolas Deschamps in Marlies zone.
1:18 of 3rd period - Wrist shot by Teemu Pulkkinen.
1:18 of 3rd period - Shot Misses the Net.
1:41 of 3rd period - Wrist shot by Andy Miele.
1:41 of 3rd period - Deflect By Colton Gillies.
1:41 of 3rd period - Shot Blocked by Scott Harrington.
1:41 of 3rd period - Puck is out of play.
1:42 of 3rd period - Kris Newbury wins face-off versus Andrew Yogan in Marlies zone.
2:31 of 3rd period - Slapshot by Brayden McNabb.
2:31 of 3rd period - Deflect By Mike Rupp.
2:31 of 3rd period - Stopped by Dustin Tokarski with a rebound.
2:33 of 3rd period - Snap shot by Mike Rupp.
2:33 of 3rd period - Shot Hit the Post.
2:35 of 3rd period - Slapshot by Ryan Parent.
2:35 of 3rd period - Shot Blocked by Jake Hansen.
2:37 of 3rd period - Backhand shot by Mike Rupp.
2:37 of 3rd period - Shot Misses the Net.
2:39 of 3rd period - Wrist shot by Reid Boucher.
2:39 of 3rd period - Deflect By Mike Rupp.
2:39 of 3rd period - Shot Misses the Net.
2:39 of 3rd period - Puck is out of play.
2:40 of 3rd period - Brandon Mashinter wins face-off versus Jason Clark in Marlies zone.
2:53 of 3rd period - Mike Rupp is hit by Jake Hansen and loses puck.
3:06 of 3rd period - Snap shot by Jason Clark.
3:06 of 3rd period - Shot Blocked by Tommy Cross.
3:34 of 3rd period - Teemu Pulkkinen is hit by Nicolas Deschamps and loses puck.
4:20 of 3rd period - Drew Schiestel is hit by Shawn Thornton and loses puck.
4:27 of 3rd period - Andrew Yogan is hit by Brad Winchester and loses puck.
4:40 of 3rd period - Wrist shot by Kris Newbury.
4:40 of 3rd period - Deflect By Shawn Thornton.
4:40 of 3rd period - Shot Misses the Net.
4:40 of 3rd period - Puck is out of play.
4:41 of 3rd period - Tyler Graovac wins face-off versus Farm Player29 in Marlies zone.
4:59 of 3rd period - Off-side.
5:00 of 3rd period - Tyler Graovac wins face-off versus Jason Clark in neutral zone.
5:37 of 3rd period - Slapshot by Brayden McNabb.
5:37 of 3rd period - Shot Misses the Net.
5:49 of 3rd period - Snap shot by Kris Newbury.
5:49 of 3rd period - Shot Misses the Net.
6:09 of 3rd period - Wrist shot by Reid Boucher.
6:09 of 3rd period - Shot Misses the Net.
6:11 of 3rd period - Wrist shot by Andy Miele.
6:11 of 3rd period - Shot Blocked by Nicolas Deschamps.
6:13 of 3rd period - Snap shot by Andy Miele.
6:13 of 3rd period - Stopped by Dustin Tokarski without a rebound.
6:14 of 3rd period - Nicolas Deschamps wins face-off versus Andy Miele in Marlies zone.
6:19 of 3rd period - Snap shot by Matt Dumba.
6:19 of 3rd period - Deflect By Rich Clune.
6:19 of 3rd period - Stopped by Ray Emery with a rebound.
7:02 of 3rd period - Brad Hunt is hit by George Parros and loses puck.
7:11 of 3rd period - Slapshot by Brayden McNabb.
7:11 of 3rd period - Deflect By Mike Rupp.
7:11 of 3rd period - Stopped by Dustin Tokarski with a rebound.
7:39 of 3rd period - Wrist shot by Brad Winchester.
7:39 of 3rd period - Deflect By Shawn Thornton.
7:39 of 3rd period - Shot Misses the Net.
7:39 of 3rd period - Puck is out of play.
7:40 of 3rd period - Austen Brassard wins face-off versus Andy Miele in Marlies zone.
8:21 of 3rd period - Reid Boucher is hit by Austen Brassard and loses puck.
9:49 of 3rd period - Off-side.
9:50 of 3rd period - Mike Rupp wins face-off versus Farm Player24 in neutral zone.
10:09 of 3rd period - Slapshot by Brayden McNabb.
10:09 of 3rd period - Deflect By Brad Winchester.
10:09 of 3rd period - Stopped by Dustin Tokarski without a rebound.
10:10 of 3rd period - Kris Newbury wins face-off versus Nicolas Deschamps in Marlies zone.
10:10 of 3rd period - Shawn Thornton and Rich Clune fight to a draw.
10:10 of 3rd period - Penalty to Shawn Thornton for Fighting.
10:10 of 3rd period - Shawn Thornton is ejected from game.
10:10 of 3rd period - Penalty to Rich Clune for Fighting.
10:10 of 3rd period - Penalty to Rich Clune for instigated a fight.
10:10 of 3rd period - Penalty to Rich Clune for instigated a fight.
10:11 of 3rd period - Teemu Pulkkinen wins face-off versus Nicolas Deschamps in Marlies zone.
10:14 of 3rd period - Snap shot by Steve Bernier.
10:14 of 3rd period - Stopped by Dustin Tokarski without a rebound.
10:15 of 3rd period - Nicolas Deschamps wins face-off versus Andy Miele in Marlies zone.
11:21 of 3rd period - Slapshot by Kris Newbury.
11:21 of 3rd period - Stopped by Dustin Tokarski without a rebound.
11:22 of 3rd period - Brandon Mashinter wins face-off versus Andrew Yogan in Marlies zone.
12:47 of 3rd period - Slapshot by Matt Dumba.
12:47 of 3rd period - Shot Blocked by Brayden McNabb.
12:49 of 3rd period - Slapshot by Jason Clark.
12:49 of 3rd period - Shot Misses the Net.
12:51 of 3rd period - Snap shot by Matt Dumba.
12:51 of 3rd period - Shot Blocked by Taylor Fedun.
12:53 of 3rd period - Slapshot by Matt Dumba.
12:53 of 3rd period - Stopped by Ray Emery with a rebound.
13:15 of 3rd period - Slapshot by Kris Newbury.
13:15 of 3rd period - Shot Misses the Net.
13:31 of 3rd period - Wrist shot by George Parros.
13:31 of 3rd period - Shot Misses the Net.
13:33 of 3rd period - Wrist shot by Jonathon Blum.
13:33 of 3rd period - Stopped by Ray Emery with a rebound.
13:37 of 3rd period - Snap shot by George Parros.
13:37 of 3rd period - Shot Blocked by Ryan Parent.
13:39 of 3rd period - Wrist shot by George Parros.
13:39 of 3rd period - Shot Misses the Net.
13:51 of 3rd period - Tommy Cross is hit by Farm Player29 and loses puck.
15:00 of 3rd period - George Parros is hit by Marc Cantin and loses puck.
15:09 of 3rd period - Icing by Brendon Nash.
15:10 of 3rd period - Andy Miele wins face-off versus Andrew Yogan in Marlies zone.
15:27 of 3rd period - Snap shot by Teemu Pulkkinen.
15:27 of 3rd period - Shot Misses the Net.
15:36 of 3rd period - Icing by Andrew Yogan.
15:37 of 3rd period - Colton Gillies wins face-off versus Reid Boucher in Marlies zone.
16:12 of 3rd period - Slapshot by Tommy Cross.
16:12 of 3rd period - Shot Misses the Net.
17:46 of 3rd period - Snap shot by Mike Rupp.
17:46 of 3rd period - Shot Misses the Net.
17:48 of 3rd period - Snap shot by Mike Rupp.
17:48 of 3rd period - Shot Misses the Net.
18:34 of 3rd period - Wrist shot by Kris Newbury.
18:34 of 3rd period - Shot Misses the Net.
19:34 of 3rd period - Snap shot by Mike Rupp.
19:34 of 3rd period - Shot Misses the Net.
19:36 of 3rd period - Wrist shot by Teemu Pulkkinen.
19:36 of 3rd period - Shot Misses the Net.
Goals for this period are 0 for Marlies vs 1 for Barons.
Shots for this period are 3 for Marlies vs 9 for Barons.


Output by the SimonT Hockey Simulator (STHS) for Eric Dolegowski -- Original Page W3C XHTML 1.0 Valid
Hockey Simulator - Hockey Simulation - Hockey Manager